 Dungeon Crawl Stone Soup version 0.26-a0-651-gb41185065b (webtiles) character file.

Game seed: 18348043148537968747

1486 Irenicus the Geomancer (level 8, 0/62 HPs)
             Began as a Deep Dwarf Earth Elementalist on Oct 16, 2020.
             Was a Follower of Makhleb.
             Slain by a mummy (11 damage)
             ... in an ossuary.
             The game lasted 00:20:13 (2910 turns).

Irenicus the Geomancer (DDEE)                       Turns: 2910, Time: 00:20:14

Health: 0/62       AC: 11    Str: 11    XL:     8   Next: 50%
Magic:  3/14       EV: 11    Int: 17    God:    Makhleb [*.....]
Gold:   318        SH:  0    Dex: 13    Spells: 4/15 levels left

rFire    . . .     SeeInvis .   i - +2 mace (drain)
rCold    + . .     Faith    .   (no shield)
rNeg     . . .     Spirit   .   d - +0 ring mail
rPois    +         Reflect  .   g - +0 helmet
rElec    .         Harm     .   (no cloak)
rCorr    .         Rampage  .   (no gloves)
MR       +....                  a - +2 pair of boots
Stlth    +.........             (no amulet)
HPRegen  0.00/turn              q - ring of poison resistance {rPois, !d}
MPRegen  0.14/turn              u - ring of protection from cold {rC+, !d}

@: non-regenerating
A: damage resistance, heal wounds, thin metallic scales 1, dopey 1, sense
surroundings 1, evolution 1, no regeneration
a: Heal Wounds, Renounce Religion


You were in an ossuary.
You worshipped Makhleb.
Makhleb was aware of your devotion.
You visited 2 branches of the dungeon, and saw 7 of its levels.
You also visited: Ossuary.

You collected 318 gold pieces.

Inventory:

Hand Weapons
 f - a +0 club
   (You took it off a hobgoblin on level 1 of the Dungeon)
 i - a +2 mace of draining (weapon)
   (You took it off an orc on level 2 of the Dungeon)
Missiles
 b - 6 stones (quivered)
 e - 5 curare-tipped darts
Armour
 a - a +2 pair of boots (worn)
   (You found it on level 1 of the Dungeon)
 d - a +0 ring mail (worn)
   (You found it on level 1 of the Dungeon)
 g - a +0 helmet (worn)
   (You found it on level 1 of the Dungeon)
Jewellery
 c - an uncursed ring of resist corrosion
   (You found it on level 1 of the Dungeon)
 h - an uncursed ring of see invisible {sInv, !d}
   (You found it on level 2 of the Dungeon)
 q - a ring of poison resistance (left hand) {rPois, !d}
   (You found it on level 4 of the Dungeon)
 u - a ring of protection from cold (right hand) {rC+, !d}
   (You found it on level 4 of the Dungeon)
Wands
 k - a wand of polymorph (15)
   (You found it on level 6 of the Dungeon)
Scrolls
 j - a scroll of teleportation
 o - a scroll of remove curse
Potions
 l - a potion of ambrosia
 m - a potion of heal wounds
 r - a potion of curing
 t - a potion of cancellation


   Skills:
 - Level 2.1 Dodging
 - Level 2.4 Stealth
 - Level 4.0 Spellcasting
 - Level 0.8 Transmutations
 + Level 12.8 Earth Magic


You had 4 spell levels left.
You knew the following spells:

 Your Spells              Type           Power        Failure   Level
a - Sandblast             Erth           #####.       1%          1
w - Passwall              Tmut/Erth      ####....     3%          2
x - Stone Arrow           Conj/Erth      ####..       9%          3
z - Lee's Rapid Deconstr  Erth           #####.....   5%          5

Your spell library contained the following spells:

 Spells                   Type           Power        Failure   Level
 Petrify                  Tmut/Erth      ####....     22%         4


Dungeon Overview and Level Annotations

Branches:
Dungeon (6/15)             Temple (1/1) D:4         Ossuary (1/1)

Altars:
Ashenzari
Dithmenos
Elyvilon
Fedhas
Gozag
Hepliaklqana
Makhleb
Okawaru
Qazlal
Ru
Trog
Uskayaw
Vehumet
Xom
Zin
The Shining One


Innate Abilities, Weirdness & Mutations

You are resistant to damage.
You can heal yourself by infusing magical energy.
You passively map a small area around you.
You do not regenerate.
You are partially covered in thin metallic scales. (AC +2)
You are dopey. (Int -2)
You evolve.


Message History

a potion of ambrosia
l - a potion of ambrosia MP restored: 14 You see here 16 gold pieces.
You now have 318 gold pieces (gained 16).
Autopickup is now on.
Autopickup is now off.
You see here a scroll labeled JEOWOISOUC.
As you read the scroll labeled JEOWOISOUC, it crumbles to dust.
The dust glows shimmering leaf green!
It was a scroll of random uselessness.
You see here a potion of heal wounds.
m - a potion of heal wounds You hear the slow hiss of an avalanche of sand.
Found a potion of lignification.
Found a sand-covered staircase.
There is a sand-covered staircase here.
The world spins around you as you enter the gateway.
You enter an ossuary! 3 mummies come into view.
Found a gate leading back out of this place.
There is an empty arch of ancient stone here.
Casting: Sandblast (safe; 1% risk of failure)
Confirm with . or Enter, or press ? or * to list all spells.
Aiming: Stone Arrow (dangerous; 9% risk of failure)
Press: ? - help, Shift-Dir - straight line, f - mummy
Aim: a mummy (wandering, hasn't noticed you)
The stone arrow hits the mummy!
The mummy is severely damaged.
You now have 11/14 mp.
Casting: Stone Arrow (dangerous; 9% risk of failure)
Confirm with . or Enter, or press ? or * to list all spells.
Aiming: Stone Arrow (dangerous; 9% risk of failure)
Press: ? - help, Shift-Dir - straight line, f/p - mummy
Aim: a mummy (severely damaged)
The stone arrow hits the mummy!
You destroy the mummy!
Makhleb accepts your kill.
You now have 8/14 mp.
Casting: Stone Arrow (dangerous; 9% risk of failure)
Confirm with . or Enter, or press ? or * to list all spells.
Aiming: Sandblast (safe; 1% risk of failure)
Press: ? - help, Shift-Dir - straight line, f - mummy
Aim: a mummy The blast of sand hits the mummy!
The mummy is moderately damaged.
b - 11 stones You now have 7/14 mp.
Casting: Sandblast (safe; 1% risk of failure)
Confirm with . or Enter, or press ? or * to list all spells.
Aiming: Sandblast (safe; 1% risk of failure)
Press: ? - help, Shift-Dir - straight line, f/p - mummy
Aim: a mummy (moderately damaged)
The blast of sand hits the mummy but does no damage.
The mummy is moderately damaged.
b - 10 stones You now have 6/14 mp.
Casting: Sandblast (safe; 1% risk of failure)
Confirm with . or Enter, or press ? or * to list all spells.
Aiming: Sandblast (safe; 1% risk of failure)
Press: ? - help, Shift-Dir - straight line, f/p - mummy
Aim: a mummy (moderately damaged)
The blast of sand misses the mummy.
b - 9 stones The mummy closely misses you.
You now have 5/14 mp.
Casting: Sandblast (safe; 1% risk of failure)
Confirm with . or Enter, or press ? or * to list all spells.
Aiming: Sandblast (safe; 1% risk of failure)
Press: ? - help, Shift-Dir - straight line, f/p - mummy
Aim: a mummy (moderately damaged)
Okay, then.
There is a gate leading back out of this place here.
Casting: Sandblast (safe; 1% risk of failure)
Confirm with . or Enter, or press ? or * to list all spells.
Aiming: Sandblast (safe; 1% risk of failure)
Press: ? - help, Shift-Dir - straight line, f/p - mummy
Aim: a mummy (moderately damaged)
The blast of sand hits the mummy!
The mummy is severely damaged.
b - 8 stones You now have 5/14 mp.
Casting: Sandblast (safe; 1% risk of failure)
Confirm with . or Enter, or press ? or * to list all spells.
Aiming: Sandblast (safe; 1% risk of failure)
Press: ? - help, Shift-Dir - straight line, f/p - mummy
Aim: a mummy (severely damaged)
The blast of sand hits the mummy!
You destroy the mummy!
Makhleb accepts your kill.
b - 7 stones You now have 4/14 mp.
Casting: Sandblast (safe; 1% risk of failure)
Confirm with . or Enter, or press ? or * to list all spells.
Aiming: Sandblast (safe; 1% risk of failure)
Press: ? - help, Shift-Dir - straight line, f - mummy
Aim: a mummy The blast of sand hits the mummy.
The mummy is moderately damaged.
b - 6 stones The mummy hits you!
You die...

*### *,* ,
######..#
,, ,
,#......##
,+.@M∩...#
,,#......##
######..# *
###


You could see a mummy.

Vanquished Creatures
  Edmund (D:5)
  2 ice beasts (D:5)
  An ogre (D:5)
  A centaur (D:5)
  A water moccasin zombie (D:5)
  2 scorpions (D:5)
  A howler monkey (D:5)
  6 orc priests
  2 hounds
  5 orc wizards
  Ijyb (D:4)
  4 worker ants (D:4)
  2 hound skeletons (D:4)
  2 mummies (Ossuary)
  A worker ant zombie (D:6)
  A howler monkey skeleton (D:4)
  4 gnolls (D:2)
  4 adders
  A shadow imp (D:5)
  4 white imps
  An ufetubus (D:5)
  An ooze (D:4)
  An adder zombie (D:5)
  An adder skeleton (D:4)
  A worm (D:3)
  4 dart slugs
  4 leopard geckos
  24 orcs
  8 giant cockroaches
  6 hobgoblins
  11 jackals
  3 quokkas
  10 bats
  5 frilled lizards
  4 goblins
  4 kobolds
  7 rats
141 creatures vanquished.

Vanquished Creatures (others)
  A phantom (D:5)
  A howler monkey (D:5)
  An ooze (D:5)
3 creatures vanquished.

Grand Total: 144 creatures vanquished

Notes
Turn   | Place    | Note
-------+----------+-------------------------------------------
     0 | D:1      | Irenicus the Deep Dwarf Earth Elementalist began the quest
                  | for the Orb.
     0 | D:1      | Reached XP level 1. HP: 15/15 MP: 3/3
   178 | D:1      | Reached skill level 2 in Spellcasting
   334 | D:1      | Reached XP level 2. HP: 20/22 MP: 3/5
   448 | D:1      | Learned a level 2 spell: Passwall
   654 | D:2      | Reached XP level 3. HP: 21/28 MP: 0/6
   734 | D:2      | Reached skill level 5 in Earth Magic
   803 | D:2      | Reached XP level 4. HP: 27/36 MP: 0/8
   847 | D:2      | Reached skill level 3 in Spellcasting
   892 | D:2      | Reached skill level 6 in Earth Magic
   892 | D:2      | Reached XP level 5. HP: 21/42 MP: 0/10
  1034 | D:3      | HP: 1/42 [orc priest/divine providence (11)]
  1082 | D:2      | Found a broken altar of Ashenzari.
  1198 | D:2      | Found a radiant altar of Vehumet.
  1206 | D:2      | Found an opulent altar of Gozag.
  1424 | D:3      | Reached skill level 4 in Spellcasting
  1424 | D:3      | Reached skill level 7 in Earth Magic
  1424 | D:3      | Reached XP level 6. HP: 22/49 MP: 0/12
  1436 | D:3      | HP: 11/49 [goblin/+0 dagger (3)]
  1442 | D:3      | HP: 9/49 [orc/+0 rapier (2)]
  1681 | D:4      | Found a staircase to the Ecumenical Temple.
  1691 | Temple   | Entered the Ecumenical Temple
  1724 | Temple   | Became a worshipper of Makhleb the Destroyer
  1838 | D:4      | Noticed Ijyb
  1851 | D:4      | Killed Ijyb
  1909 | D:4      | Reached skill level 8 in Earth Magic
  2219 | D:4      | Reached XP level 7. HP: 28/55 MP: 7/13
  2266 | D:5      | Entered Level 5 of the Dungeon
  2273 | D:5      | Reached skill level 9 in Earth Magic
  2306 | D:5      | Reached skill level 10 in Earth Magic
  2345 | D:5      | Reached * piety under Makhleb
  2345 | D:5      | HP: 20/82 [adder (2)]
  2358 | D:5      | Reached skill level 11 in Earth Magic
  2358 | D:5      | Reached XP level 8. HP: 42/62 MP: 0/14
  2368 | D:5      | Noticed Edmund
  2390 | D:5      | Noticed a hippogriff
  2415 | D:5      | Gained mutation: You are dopey. (Int -2) [potion of
                  | mutation]
  2415 | D:5      | Gained mutation: You are partially covered in thin metallic
                  | scales. (AC +2) [potion of mutation]
  2415 | D:5      | Gained mutation: You evolve. [potion of mutation]
  2439 | D:5      | Reached skill level 12 in Earth Magic
  2452 | D:5      | HP: 15/62 [Edmund/+4 dire flail of protection (1)]
  2460 | D:5      | HP: 21/93 [Edmund/+4 dire flail of protection (2)]
  2465 | D:5      | HP: 16/93 [Edmund/+4 dire flail of protection (5)]
  2473 | D:5      | HP: 6/93 [Edmund/+4 dire flail of protection (5)]
  2478 | D:5      | HP: 19/93 [Edmund/+4 dire flail of protection (1)]
  2503 | D:5      | HP: 13/62 [Edmund/+4 dire flail of protection (5)]
  2510 | D:5      | HP: 6/62 [Edmund/+4 dire flail of protection (7)]
  2513 | D:5      | Killed Edmund
  2562 | D:5      | HP: 7/62 [water moccasin zombie (3)]
  2670 | D:5      | Learned a level 3 spell: Stone Arrow
  2685 | D:5      | Learned a level 5 spell: Lee's Rapid Deconstruction
  2769 | D:6      | Found a blossoming altar of Fedhas.
  2896 | D:6      | Found a sand-covered staircase.
  2900 | Ossuary  | Entered an ossuary
  2910 | Ossuary  | Slain by a mummy

Illustrated notes

Levels and vault maps discovered:
D:1:      psy_arrival_fountain, layout_basic, kennysheep_crisscross,
          serial_bayou_ford_a
D:2:      layout_basic, lemuel_doored_altar, minitemple
D:3:      layout_basic
D:4:      layout_cave_pods, minmay_temple_entry_water_ring, uniq_ijyb
D:5:      layout_cave_pools, uniq_edmund
D:6:      layout_loops_ring, fedhas_altar_fruit_tree,
          lightli_ossuary_entry_decrepit_ruins
Temple:   kb_temple_of_zot
Ossuary:  ossuary_minmay_chase

Skill      XL: |  1  2  3  4  5  6  7  8 |
---------------+-------------------------+-----
Spellcasting   | 2 3 4 |  4.0
Earth Magic    | 5 6 7 8 11 12 | 12.8
Dodging        | |  2.1
Stealth        | |  2.4
Transmutations | |  0.8

Action                   |  1- 3 |  4- 6 |  7- 9 || total
-------------------------+-------+-------+-------++-------
Melee: Unarmed           |     9 |       |       ||     9
       Club              |    20 |       |       ||    20
       Mace              |       |    52 |    58 ||   110
 Cast: Sandblast         |    37 |   106 |    62 ||   205
       Passwall          |     1 |     5 |     1 ||     7
       Stone Arrow       |       |       |     2 ||     2
 Abil: Heal Wounds       |       |     1 |     1 ||     2
  Use: Scroll            |     1 |     6 |     8 ||    15
       Potion            |       |     2 |     8 ||    10
 Stab: Sleeping          |       |     1 |       ||     1
       Invisible         |       |       |     3 ||     3
Armor: Leather armour    |    22 |       |       ||    22
       Ring mail         |    22 |    65 |    67 ||   154
       Skin              |       |       |    17 ||    17
Dodge: Dodged            |    56 |   101 |   107 ||   264

Table legend: (Time is in decaauts)
 A = Elapsed time spent in this place.
 B = Non-inter-level travel time spent in this place.
 C = Inter-level travel time spent in this place.
 D = Time resting spent in this place.
 E = Time spent auto-exploring this place.
 F = Levels seen in this place.
 G = Mean time per level.
                   A        B        C        D        E       F      G
               +--------+--------+--------+--------+--------+-----+--------+
         Total |   2958 |   2869 |     89 |      0 |      0 |   8 |  369.8 |
       Dungeon |   2886 |   2797 |     89 |      0 |      0 |   6 |  481.0 |
        Temple |     62 |     62 |      0 |      0 |      0 |   1 |   62.0 |
       Ossuary |      9 |      9 |      0 |      0 |      0 |   1 |    9.0 |
               +--------+--------+--------+--------+--------+-----+--------+

Top non-repeatable levels by time:
     D:2: 689 daAuts
     D:1: 592 daAuts
     D:4: 535 daAuts
     D:5: 501 daAuts
     D:3: 410 daAuts
     D:6: 156 daAuts
  Temple: 62 daAuts
 Ossuary: 9 daAuts

Table legend:
 A = Kills in this place as a percentage of kills in entire the game.
 B = Kills by you in this place as a percentage of kills by you in the entire game.
 C = Kills by friends in this place as a percentage of kills by friends in the entire game.
 D = Other kills in this place as a percentage of other kills in the entire game.
 E = Experience gained in this place as a percentage of experience gained in the entire game.
 F = Experience gained in this place divided by the number of levels of this place that you have seen.
                   A       B       C       D       E      F
               +-------+-------+-------+-------+-------+----------------------
         Total | 100.0 | 100.0 |   N/A |   N/A | 100.0 | 265.4
       Dungeon |  98.6 |  98.6 |   N/A |   N/A |  98.2 | 347.3
       Ossuary |   1.4 |   1.4 |   N/A |   N/A |   1.8 |  39.0
               +-------+-------+-------+-------+-------+----------------------
